 Dungeon Crawl Stone Soup version 0.31-a0-825-gf28bc0971e (webtiles) character file.

Game seed: 13851202401574299035

1882 qw the Skirmisher (level 9, -4/55 HPs)
             Began as a Gargoyle Hunter on Sept 23, 2023.
             Was a Follower of Okawaru.
             Killed by divine providence
             ... invoked by an orc priest
              (15 damage)
             ... on level 6 of the Dungeon.
             The game lasted 00:02:15 (4431 turns).

qw the Skirmisher (Gargoyle Hunter)                 Turns: 4431, Time: 00:02:16

Health: -4/55      AC: 16    Str: 21    XL:     9   Next: 14%
Magic:  10/11      EV: 15    Int: 10    God:    Okawaru [*.....]
Gold:   599        SH:  0    Dex: 17    Spells: 8/8 levels left

rFire   . . .        Y - +2 shortbow (drain)
rCold   . . .        (shield currently unavailable)
rNeg    + . .        h - +0 ring mail
rPois   inf          (no helmet)
rElec   +            g - +2 cloak
rCorr   .            (no gloves)
SInv    .            (no boots)
Will    .....        (no amulet)
Stlth   +++          l - +6 ring of strength
HPRegen 0.29/turn    (no ring)
MPRegen 0.12/turn

%: no passive effects
@: about to teleport, heroic
A: sickness immunity, AC +6, negative energy resistance 1, electricity
resistance, torment resistance 1, petrification resistance, wild magic 1
a: Renounce Religion, Heroism


You were on level 6 of the Dungeon.
You worshipped Okawaru.
Okawaru was aware of your devotion.
You visited 1 branch of the dungeon, and saw 6 of its levels.
You also visited: Ossuary.

You collected 599 gold pieces.


Innate Abilities, Weirdness & Mutations

You are immune to sickness and miasma.
Your stone body is resilient. (AC +6)
You are immune to poison.
You resist negative energy. (rN+)
You are resistant to electric shocks. (rElec)
You are resistant to unholy torment.
You are immune to petrification.
Your spells are a little harder to cast, but a little more powerful.


   Skills:
 - Level 6.1(11.1) Fighting
 - Level 10.0(15.0) Ranged Weapons
 - Level 2.1(7.1) Armour
 + Level 2.5(7.5) Dodging
 - Level 1.1(6.1) Stealth
 + Level 3.7 Invocations


You had 8 spell levels left.
You didn't know any spells.
Your spell library was empty.

Inventory:

Hand Weapons
 Y - a +2 shortbow of draining (weapon)
Armour
 g - a +2 cloak (worn)
 h - a +0 ring mail (worn)
 m - a +0 helmet
 n - a +0 leather armour of willpower
Jewellery
 l - a +6 ring of strength (left hand)
Scrolls
 a - a scroll of identify
 d - a scroll of teleportation
 k - 2 scrolls of immolation {unknown}
Potions
 b - a potion of resistance
 c - a potion of mutation
 e - 2 potions of heal wounds
 f - a potion of might
 i - a potion of haste
 j - 3 potions of curing

Dungeon Overview and Level Annotations

Branches:
Dungeon (6/15)             Temple (0/1) D:6         Ossuary (visited)

Altars:
Ashenzari
Cheibriados
Elyvilon
Nemelex Xobeh
Okawaru
Sif Muna
Uskayaw
The Shining One

Shops:
D:1 (   D:2 (


Message History

You shoot an arrow. The arrow hits the orc warrior!
You kill the orc warrior!
Okawaru accepts your kill.
The orc wizard points at you and mumbles some strange words.
The magic dart hits you but does no damage.
The orc priest invokes the aid of Beogh against you.
Pain shoots through your body!
You shoot an arrow. The arrow hits the orc priest!
The orc priest is severely wounded.
You shoot an arrow.
The arrow closely misses the orc wizard.
The arrow hits the orc priest!
You kill the orc priest!
Okawaru accepts your kill.
You shoot an arrow.
The arrow hits the orc wizard but does no damage.
The orc wizard misses you.
You shoot an arrow.
The arrow closely misses the orc wizard.
The arrow hits the orc priest.
You drain the orc priest.
The orc priest is heavily wounded.
The orc wizard barely misses you.
The orc priest calls down the wrath of Beogh upon you.
Beogh smites you!
You shoot an arrow. The arrow hits the orc wizard.
The orc wizard is moderately wounded.
The orc wizard closely misses you.
You shoot an arrow. The arrow barely misses the orc wizard.
The arrow barely misses the orc priest.
You shoot an arrow. The arrow hits the orc wizard.
The orc wizard is heavily wounded.
The orc wizard gestures at you while chanting.
The puff of flame hits you!
4431 ||| READING 2 scrolls of teleportation.
As you read the scroll of teleportation, it crumbles to dust.
You feel strangely unstable.
The orc wizard hits you but does no damage.
The orc priest invokes the aid of Beogh against you.
Beogh smites you!
You die...

### ## #.# #.# #@#
#.## #o##
#..##o.###
##........#####
####<............o
...........$......
#....?...........
###..............
##...#########.


You could see an orc priest (very drained) and an orc wizard.

Vanquished Creatures
  A water moccasin (D:6)
  Duvessa (D:6)
  An orc warrior (D:6)
  A sky beast (D:6)
  2 ice beasts (D:6)
  3 ogres
  A phantom (D:4)
  2 scorpions (D:5)
  A bullfrog (D:5)
  Dowan (D:6)
  A howler monkey (D:6)
  A human zombie (D:5)
  2 orc priests (D:6)
  A hound (D:5)
  2 jellies (D:5)
  2 iguanas (D:4)
  An orc wizard (D:5)
  4 human skeletons (D:5)
  8 mummies (Ossuary)
  4 gnolls (D:4)
  9 adders
  A white imp (D:6)
  2 worms
  2 dart slugs (D:1)
  13 orcs
  13 ball pythons
  7 endoplasms
  6 giant cockroaches
  2 goblins
  6 hobgoblins
  5 jackals
  2 quokkas
  6 bats
  3 frilled lizards
  4 gnoll zombies (Ossuary)
  2 hobgoblin zombies (Ossuary)
  7 kobolds
  An orc skeleton (D:5)
  2 orc zombies (Ossuary)
  7 rats
140 creatures vanquished.

Notes
Turn   | Place    | Note
-------+----------+-------------------------------------------
     0 | D:1      | qw the Gargoyle Hunter began the quest for the Orb.
     0 | D:1      | Reached XP level 1. HP: 12/12 MP: 1/1
     0 | D:1      | 0 ||| qw: Version: 0.3-a-83-gcd0e7d8
     0 | D:1      | 0 ||| qw: Game counter: 1801
     0 | D:1      | 0 ||| qw: Melee chars always use a shield: true
     0 | D:1      | 0 ||| qw: God list: Okawaru
     0 | D:1      | 0 ||| qw: Allow faded altars: false
     0 | D:1      | 0 ||| qw: Do Orc after clearing Dungeon:15 true
     0 | D:1      | 0 ||| qw: Do second Lair branch before Depths: true
     0 | D:1      | 0 ||| qw: Lair rune preference: random
     0 | D:1      | 0 ||| qw: Goals: Normal
     0 | D:1      | 0 ||| PLANNING D:1-11
    86 | D:1      | Found a faded altar of an unknown god.
    91 | D:1      | Reached XP level 2. HP: 17/17 MP: 2/2
   426 | D:1      | Reached XP level 3. HP: 19/21 MP: 3/3
   501 | D:1      | Reached skill level 5 in Ranged Weapons
   554 | D:1      | Found Fori's Weapon Shoppe.
   655 | D:1      | 655 ||| UPGRADING to +0 ring mail.
   665 | D:1      | 665 ||| DROPPING +0 leather armour.
   666 | D:1      | 666 ||| READING 2 scrolls labelled MOER OMNACRUN.
   667 | D:1      | 667 ||| READING scroll labelled WOKINIACZE.
   668 | D:1      | 668 ||| READING scroll labelled UFO GEEMPUO.
   669 | D:1      | 669 ||| READING scroll labelled MOPUSA OVEURHO.
   670 | D:1      | 670 ||| READING scroll labelled CAFRUM JORUH.
   675 | D:1      | 675 ||| DROPPING scroll of butterflies.
   834 | D:2      | Reached skill level 1 in Armour
  1071 | D:2      | Found Loenofesy's Antique Weapon Boutique.
  1078 | D:2      | 1078 ||| SHOPLISTING glowing arbalest (150 gold, have 53).
  1531 | D:2      | 1531 ||| READING scroll labelled NINIDU JUCSEABB.
  1555 | D:3      | 1555 ||| STAIRDANCE
  1558 | D:2      | Reached XP level 4. HP: 24/27 MP: 4/4
  1571 | D:3      | 1571 ||| STAIRDANCE
  1576 | D:2      | Reached skill level 3 in Fighting
  1600 | D:3      | Found a hide-covered altar of Uskayaw.
  1958 | D:3      | 1958 ||| RETREEAATING.
  1960 | D:3      | 1960 ||| STILL RETREEAATING.
  1961 | D:3      | 1961 ||| STILL RETREEAATING.
  1962 | D:3      | 1962 ||| STILL RETREEAATING.
  1963 | D:3      | 1963 ||| STILL RETREEAATING.
  1964 | D:3      | 1964 ||| STILL RETREEAATING.
  1965 | D:3      | 1965 ||| STILL RETREEAATING.
  1966 | D:3      | 1966 ||| STILL RETREEAATING.
  1967 | D:3      | 1967 ||| STILL RETREEAATING.
  1968 | D:3      | 1968 ||| STILL RETREEAATING.
  1969 | D:3      | 1969 ||| STILL RETREEAATING.
  1977 | D:3      | HP: 6/28 [orc/+0 short sword (2)]
  1978 | D:3      | 1978 ||| READING scroll of teleportation.
  2200 | D:3      | 2200 ||| UPGRADING to +2 cloak.
  2205 | D:3      | 2205 ||| READING scroll labelled ICYUSTR IG UJY.
  2206 | D:3      | 2206 ||| READING scroll labelled MOFRUEXURGH.
  2207 | D:3      | 2207 ||| READING scroll labelled YNIQEL EMIYNT.
  2208 | D:3      | 2208 ||| READING scroll labelled BIRYES XIBBA.
  2309 | D:3      | 2309 ||| DRINKING 2 green potions.
  2310 | D:3      | 2310 ||| READING 2 scrolls of identify.
  2310 | D:3      | 2310 ||| IDENTIFYING dark potion
  2332 | D:4      | Reached XP level 5. HP: 32/32 MP: 5/5
  2373 | D:4      | Reached skill level 6 in Ranged Weapons
  2652 | D:4      | Reached XP level 6. HP: 38/38 MP: 6/6
  2714 | D:4      | Found a glowing golden altar of the Shining One.
  2885 | D:4      | Reached skill level 7 in Ranged Weapons
  2951 | D:4      | 2951 ||| DROPPING ring of flight.
  2952 | D:4      | 2952 ||| READING scroll labelled MUCEPS DOUSOKLEH.
  2960 | D:5      | Entered Level 5 of the Dungeon
  2961 | D:5      | 2961 ||| PLANNING OSSUARY
  3056 | D:5      | Found a sand-covered staircase.
  3070 | D:5      | Reached XP level 7. HP: 43/43 MP: 7/7
  3073 | Ossuary  | Entered an ossuary
  3308 | Ossuary  | 3308 ||| READING scroll of enchant weapon.
  3308 | Ossuary  | 3308 ||| ENCHANTING +1 shortbow of draining.
  3323 | Ossuary  | 3323 ||| READING scroll labelled SOACLUELUIZ.
  3324 | Ossuary  | 3324 ||| DRINKING 3 smoky puce potions.
  3324 | Ossuary  | Gained mutation: You are frail. (-10% HP) [potion of
                  | mutation]
  3324 | Ossuary  | Gained mutation: You are covered in fur. (AC +1) [potion of
                  | mutation]
  3325 | Ossuary  | 3325 ||| DRINKING 2 potions of mutation.
  3325 | Ossuary  | Lost mutation: You are covered in fur. (AC +1) [potion of
                  | mutation]
  3325 | Ossuary  | Lost mutation: You are frail. (-10% HP) [potion of
                  | mutation]
  3325 | Ossuary  | Gained mutation: Your spells are a little harder to cast,
                  | but a little more powerful. [potion of mutation]
  3343 | Ossuary  | 3343 ||| DRINKING 3 sapphire potions.
  3344 | Ossuary  | 3344 ||| DRINKING 2 glowing grey potions.
  3345 | Ossuary  | 3345 ||| DRINKING 3 metallic green potions.
  3346 | Ossuary  | 3346 ||| DRINKING 2 fizzy green potions.
  3347 | Ossuary  | 3347 ||| DRINKING 2 bubbling puce potions.
  3348 | Ossuary  | 3348 ||| DROPPING potion of brilliance.
  3349 | Ossuary  | 3349 ||| DROPPING potion of degeneration.
  3350 | Ossuary  | 3350 ||| DROPPING potion of attraction.
  3374 | D:5      | 3374 ||| PLANNING D:1-11
  3391 | D:5      | Reached skill level 8 in Ranged Weapons
  3535 | D:5      | Found a broken altar of Ashenzari.
  3536 | D:5      | Found a shimmering blue altar of Sif Muna.
  3536 | D:5      | Found an iron altar of Okawaru.
  3537 | D:5      | 3537 ||| PLANNING OKAWARU WORSHIP
  3541 | D:5      | Found a white marble altar of Elyvilon.
  3544 | D:5      | Became a worshipper of Warmaster Okawaru
  3545 | D:5      | 3545 ||| PLANNING D:1-11
  3598 | D:5      | Reached XP level 8. HP: 49/49 MP: 8/8
  3743 | D:5      | Reached skill level 9 in Ranged Weapons
  3759 | D:5      | Found a sparkling altar of Nemelex Xobeh.
  3929 | D:5      | Found a snail-covered altar of Cheibriados.
  3931 | D:5      | 3931 ||| UPGRADING to +6 ring of strength.
  3932 | D:5      | 3932 ||| READING 3 scrolls of identify.
  3932 | D:5      | 3932 ||| IDENTIFYING inky potion
  3933 | D:5      | 3933 ||| READING 2 scrolls of identify.
  3933 | D:5      | 3933 ||| IDENTIFYING amethyst potion
  3934 | D:5      | 3934 ||| DROPPING potion of berserk rage.
  3946 | D:6      | 3946 ||| STAIRDANCE
  3996 | D:6      | Reached skill level 6 in Fighting
  4014 | D:6      | Reached * piety under Okawaru
  4058 | D:6      | Noticed Duvessa
  4058 | D:6      | Noticed Dowan
  4059 | D:6      | 4059 ||| INVOKING Heroism.
  4065 | D:6      | Killed Duvessa
  4066 | D:6      | Reached skill level 1 in Invocations
  4074 | D:6      | 4074 ||| INVOKING Heroism.
  4077 | D:6      | Killed Dowan
  4190 | D:6      | Found a staircase to the Ecumenical Temple.
  4385 | D:6      | Reached XP level 9. HP: 54/55 MP: 9/11
  4408 | D:6      | 4408 ||| RETREEAATING.
  4409 | D:6      | 4409 ||| STILL RETREEAATING.
  4410 | D:6      | 4410 ||| STILL RETREEAATING.
  4411 | D:6      | 4411 ||| STILL RETREEAATING.
  4412 | D:6      | 4412 ||| STILL RETREEAATING.
  4413 | D:6      | 4413 ||| INVOKING Heroism.
  4421 | D:6      | Reached skill level 10 in Ranged Weapons
  4421 | D:6      | Reached skill level 3 in Invocations
  4430 | D:6      | HP: 11/55 [orc wizard/puff of flame (10)]
  4431 | D:6      | 4431 ||| READING 2 scrolls of teleportation.
  4431 | D:6      | Killed from afar by an orc priest

Levels and vault maps discovered:
D:1:      heliophobic_arrival_ceremonial_halls, layout_basic,
          ebering_ecumenical_altar_hall, serial_shops, shop
D:2:      kennysheep_big_flooded_room, layout_basic, serial_shops,
          nicolae_shop_just_a_little_nook, minmay_shallow_snake_nest,
          uniq_crazy_yiuf_cottage
D:3:      layout_rooms, old_standard_altar, chequers_avenue
D:4:      layout_gridville, tso_oasis_becter
D:5:      layout_rooms, mainiacjoe_overflow_boulevard,
          nemelex_dance_club_becter, kennysheep_mini_moat,
          grunt_temple_overflow_open, nicolae_ossuary_entry_catacombs
D:6:      dreamdust_elfheim, layout_layer_cave, minmay_temple_entry_wispy

Skill      XL: |  1  2  3  4  5  6  7  8  9 |
---------------+----------------------------+-----
Ranged Weapons | 5 6 7 8 9 10 | 10.0
Armour         | 1 2 |  2.1
Fighting       | 3 4 5 6 |  6.1
Dodging        | 2 |  2.5
Invocations    | 2 3 |  3.7
Stealth        | |  1.1

Action                     |  1- 3 |  4- 6 |  7- 9 || total
---------------------------+-------+-------+-------++-------
   Fire: Shortbow          |    98 |   190 |   259 ||   547
 Invoke: Heroism           |       |       |     3 ||     3
    Use: Scroll            |     6 |     7 |     5 ||    18
         Potion            |       |     1 |     7 ||     8
 Armour: Leather armour    |    15 |       |       ||    15
         Ring mail         |    15 |    97 |    96 ||   208
  Dodge: Dodged            |    25 |    95 |    72 ||   192

Table legend:
 A = Non-vault XP
 B = Vault XP
 C = Vault XP percentage of total XP
 D = Non-vault monster count
 E = Vault monster count
 F = Vault count percentage of total count
                 A         B        C        D         E       F
            +---------+---------+-------+---------+---------+-------
      Total |    1986 |     703 |  26.1 |     107 |      33 |  23.6
            +---------+---------+-------+---------+---------+-------
        D:1 |      44 |       0 |   0.0 |      25 |       0 |   0.0
        D:2 |      20 |      22 |  52.4 |      11 |       7 |  38.9
        D:3 |      67 |       0 |   0.0 |      21 |       0 |   0.0
        D:4 |     404 |       0 |   0.0 |      22 |       0 |   0.0
        D:5 |     610 |     319 |  34.3 |      16 |       8 |  33.3
        D:6 |     841 |     211 |  20.1 |      12 |       2 |  14.3
    Ossuary |       0 |     151 | 100.0 |       0 |      16 | 100.0
            +---------+---------+-------+---------+---------+-------
